 Dungeon Crawl Stone Soup version 0.25.1-2-g60ff931df9 (webtiles) character file.

Game seed: 3457035880012796273

5191 zeroc00l the Basher (level 10, -11/88 HPs)
             Began as a Centaur Hunter on Nov 1, 2020.
             Was a Believer of Fedhas.
             Killed from afar by an efreet (20 damage)
             ... with a bolt of fire
             ... on level 9 of the Dungeon.
             The game lasted 00:38:52 (7803 turns).

zeroc00l the Basher (Centaur Hunter)                Turns: 7803, Time: 00:38:52

Health: -11/88     AC: 11    Str: 15    XL:     10   Next: 34%
Magic:  10/10      EV: 10    Int: 10    God:    Fedhas [**....]
Gold:   151        SH:  0    Dex: 10    Spells: 9/9 levels left

rFire    . . .     SeeInvis +   a - +2 mace (distort)
rCold    . . .     Gourm    .   (no shield)
rNeg     . . .     Faith    .   L - +0 ring mail of Lugonu's Displeasure {+Blink Dex-3 Slay+5 SInv} (curse)
rPois    +         Spirit   .   h - +2 helmet {SInv}
rElec    .         Reflect  .   C - +0 cloak
rCorr    .         Harm     .   X - +1 pair of gloves {archery}
MR       .....                  (no barding)
Stlth    +.........             O - amulet of regeneration
HPRegen  0.64/turn              J - ring of poison resistance
MPRegen  0.12/turn              u - +4 ring of slaying

@: very quick
A: large, hooves 3, deformed body, speed 2, tough skin 3
a: Wall of Briars, Renounce Religion, Evoke Blink


You were on level 9 of the Dungeon.
You worshipped Fedhas.
Fedhas was pleased with you.
You were hungry.

You visited 2 branches of the dungeon, and saw 10 of its levels.
You also visited: Ossuary.

You collected 494 gold pieces.
You spent 343 gold pieces at shops.

Inventory:

Hand Weapons
 a - a +2 mace of distortion (weapon)
 b - a +1 shortbow
 c - a +0 morningstar
 D - a +2 whip of electrocution
 Q - a +1 flail of holy wrath
Missiles
 d - 85 arrows
 j - 5 curare-tipped darts
 x - 8 javelins
 U - 6 boomerangs (quivered)
Armour
 h - a +2 helmet of see invisible (worn)
 z - a +2 leather armour of magic resistance
 C - a +0 cloak (worn)
 L - the cursed +0 ring mail of Lugonu's Displeasure (worn) {+Blink Dex-3 Slay+5 SInv}
   (You found it on level 9 of the Dungeon)

   It affects your dexterity (-3).
   It affects your accuracy and damage with ranged weapons and melee attacks
   (+5).
   It lets you see invisible.
   It lets you blink.
   It has a curse placed upon it.
 M - the +4 ring mail of Dishonour {*Corrode rF+ Str+4 SInv}
   (You found it on level 4 of the Dungeon)

   It affects your strength (+4).
   It protects you from fire.
   It lets you see invisible.
   It may corrode you when you take damage.
 X - a +1 pair of gloves of archery (worn)
Magical Staves
 l - an uncursed staff of energy {unknown}
Jewellery
 o - an uncursed ring of ice
 u - a +4 ring of slaying (right hand)
 w - an uncursed ring of flight
 J - a ring of poison resistance (left hand)
 O - an amulet of regeneration (around neck)
 W - an uncursed ring of resist corrosion
 Z - an uncursed amulet of faith
Wands
 y - a wand of paralysis (17)
 B - a wand of enslavement (6)
 P - a wand of clouds (11)
 R - a wand of polymorph (13)
 S - a wand of disintegration (10)
 V - a wand of iceblast (18)
Scrolls
 g - a scroll of enchant armour {unknown}
 m - a scroll of teleportation
 n - 2 scrolls of immolation
 q - 2 scrolls of magic mapping
 t - a scroll of fog
 E - a scroll of blinking {unknown}
 G - 2 scrolls of remove curse
 N - 3 scrolls of fear {unknown}
 T - a scroll of torment {unknown}
 Y - a scroll of enchant weapon
Potions
 e - 3 potions of curing
 k - 3 potions of degeneration {unknown}
 p - 3 potions of heal wounds {unknown}
 r - 4 potions of berserk rage {unknown}
 s - a potion of brilliance {unknown}
 v - 3 potions of mutation {unknown}
 A - a potion of stabbing {unknown}
 F - a potion of magic {unknown}
 H - a potion of haste
 I - 3 potions of lignification {unknown}
 K - 3 potions of flight {unknown}
Comestibles
 f - 17 rations
 i - 6 chunks of flesh


   Skills:
 + Level 7.7 Fighting
 * Level 9.4 Maces & Flails
 - Level 7.0 Bows
 + Level 5.8 Dodging
 - Level 2.0 Stealth


You had 9 spell levels left.
You didn't know any spells.
Your spell library contained the following spells:

 Spells                   Type           Power        Failure   Level  Hunger
 Summon Small Mammal      Summ           #...         58%         1    ##.....
 Call Imp                 Summ           #.......     75%         2    ###....
 Call Canine Familiar     Summ           #.......     92%         3    ####...
 Summon Guardian Golem    Hex/Summ       #.......     92%         3    ####...
 Summon Ice Beast         Ice/Summ       #.......     100%        4    #####..
 Summon Lightning Spire   Summ/Air       #.......     100%        4    #####..


Dungeon Overview and Level Annotations

Branches:
Dungeon (9/15)             Temple (1/1) D:6         Ossuary (visited)
   Lair: D:8-11         Orc: D:9-12

Altars:
Ashenzari
Cheibriados
Dithmenos
Elyvilon
Fedhas
Gozag
Hepliaklqana
Kikubaaqudgha
Makhleb
Nemelex Xobeh
Okawaru
Qazlal
Ru
Sif Muna
Trog
Uskayaw
Vehumet
Wu Jian
Xom
Yredelemnul
Zin
The Shining One

Shops:
D:5 *   D:6 *([   D:7 }=?

Annotations:
Abyss:1 Blork the orc


Innate Abilities, Weirdness & Mutations

You have hooves in place of feet.
Armour fits poorly on your strangely shaped body.
You cover ground very quickly.
You have extremely tough skin. (AC +3)


Message History

The hornet is engulfed in noxious fumes.
The hornet appears confused.
The centaur wields a +0 shortbow.
The centaur shoots an arrow.
The arrow hits you but does no damage.
The hornet is engulfed in noxious fumes.
The hornet appears confused.
You see here an arrow.
The centaur shoots an arrow.
The arrow completely misses you.
The hornet stings the centaur!
The centaur is poisoned.
The centaur seems to slow down.
Found 12 stones.
The centaur is no longer moving slowly.
The centaur shoots an arrow.
The arrow hits you.
* * * LOW HITPOINT WARNING * * *
You see here an arrow.
The centaur dies!
Fedhas accepts your kill. The efreet gestures at you.
The bolt of fire hits you!!
You die...
Fedhas appreciates your contribution to the ecosystem.

P..####'.'####.#.####..
..#.#.. #.#.# ###
.#○#.??#.#.# ).#R#
.)#.#.# ####.#####.#.#
#..(.)..##.#.#
#.y.....##.# #((..K..#
##@###'## #......# ...
#.##..(# ..## #'#'# #'#
#. .# .. .. ## #. ..


You could see an efreet, a hornet (confused) and a big kobold.

Vanquished Creatures
  A centaur warrior (D:9)
  2 trolls (D:9)
  2 hippogriffs
  Sigmund (D:3)
  A spriggan (D:7)
  A water moccasin (D:7)
  2 orc warriors
  An ice beast (D:8)
  A sky beast (D:9)
  4 ogres
  A necrophage (D:7)
  A centaur (D:5)
  6 bullfrogs
  2 scorpions
  A wight (D:6)
  A howler monkey (D:5)
  A crimson imp (D:8)
  A centaur zombie (Ossuary)
  2 bullfrog zombies (Ossuary)
  2 hounds
  Crazy Yiuf (D:3)
  A gnoll shaman (D:5)
  2 orc priests
  A centaur skeleton (D:7)
  4 orc wizards
  Jessica (D:2)
  An iguana (D:7)
  Natasha (thrice) (D:3)
  6 worker ants
  A killer bee zombie (Ossuary)
  5 hound zombies
  10 mummies (Ossuary)
  A howler monkey zombie (Ossuary)
  8 worker ant zombies
  8 gnolls
  A howler monkey skeleton (D:9)
  14 adders
  2 oozes
  2 adder zombies
  3 worms
  3 dart slugs
  9 leopard geckos
  26 orcs
  5 giant cockroaches
  9 goblins
  3 hobgoblins
  4 jackals
  3 quokkas
  3 ball pythons
  3 bats
  4 frilled lizards
  A giant cockroach zombie (D:6)
  A jackal skeleton (D:5)
  A jackal zombie (Ossuary)
  4 kobolds
  2 leopard gecko skeletons
  A leopard gecko zombie (Ossuary)
  A quokka skeleton (D:4)
  A quokka zombie (Ossuary)
  8 rats
  2 rat zombies (D:4)
203 creatures vanquished.

Vanquished Creatures (collateral kills)
  A centaur (D:9)
1 creature vanquished.

Vanquished Creatures (others)
  A phantom (D:7)
  A centaur (D:7)
  A jelly (D:7)
  A wight (D:6)
  A centaur zombie (D:6)
  A bullfrog skeleton (D:8)
  A worker ant (D:6)
  A hound skeleton (D:9)
  2 mummies (Ossuary)
  A leopard gecko (D:5)
  3 orcs
  A giant cockroach zombie (Ossuary)
  2 plants
  A withered plant (Ossuary)
18 creatures vanquished.

Grand Total: 222 creatures vanquished

Notes
Turn   | Place    | Note
-------+----------+-------------------------------------------
     0 | D:1      | zeroc00l the Centaur Hunter began the quest for the Orb.
     0 | D:1      | Reached XP level 1. HP: 17/17 MP: 1/1
   245 | D:1      | Reached XP level 2. HP: 22/24 MP: 2/2
   924 | D:2      | Reached skill level 1 in Stealth
   946 | D:1      | Reached XP level 3. HP: 21/30 MP: 3/3
  1118 | D:2      | Noticed Jessica
  1314 | D:2      | Killed Jessica
  1314 | D:2      | Reached XP level 4. HP: 37/37 MP: 4/4
  1319 | D:2      | Reached skill level 1 in Maces & Flails
  1833 | D:2      | Reached XP level 5. HP: 35/44 MP: 5/5
  2248 | D:2      | Reached skill level 2 in Maces & Flails
  2352 | D:3      | Noticed Sigmund
  2502 | D:3      | Noticed Natasha
  2513 | D:3      | Killed Natasha
  2637 | D:3      | Noticed Natasha
  2642 | D:3      | Killed Natasha
  2642 | D:3      | Reached XP level 6. HP: 48/51 MP: 6/6
  2743 | D:3      | Killed Sigmund
  2743 | D:3      | Reached skill level 3 in Maces & Flails
  2918 | D:3      | Noticed Natasha
  2933 | D:3      | Killed Natasha
  2933 | D:3      | Reached XP level 7. HP: 58/58 MP: 7/7
  3006 | D:3      | Found a runed translucent door.
  3007 | D:3      | Noticed Crazy Yiuf
  3012 | D:3      | Killed Crazy Yiuf
  3307 | D:4      | Found a sand-covered staircase.
  3324 | Ossuary  | Entered an ossuary
  3399 | Ossuary  | Reached skill level 4 in Maces & Flails
  3764 | Ossuary  | Reached XP level 8. HP: 64/67 MP: 8/8
  4168 | D:4      | Got a masterwork ring mail
  4323 | D:3      | Identified the +4 ring mail of Dishonour {*Corrode rF+
                  | Str+4 SInv} (You found it on level 4 of the Dungeon)
  4705 | D:5      | Entered Level 5 of the Dungeon
  4710 | D:5      | Reached skill level 5 in Maces & Flails
  4858 | D:5      | Found a shimmering altar of Xom.
  4886 | D:5      | Reached skill level 5 in Fighting
  4943 | D:5      | Noticed Blork the orc
  4948 | D:5      | Banished Blork the orc
  5122 | D:5      | Found Alesm's Assorted Antiques.
  5132 | D:5      | Bought a worn iron wand for 112 gold pieces
  5229 | D:6      | Found Atiesubi's Armour Shop.
  5264 | D:6      | Found a staircase to the Ecumenical Temple.
  5282 | Temple   | Entered the Ecumenical Temple
  5362 | Temple   | Became a worshipper of Fedhas Madash
  5427 | D:6      | Reached skill level 6 in Maces & Flails
  5470 | D:6      | Found Juwkarch's Antique Weapon Shoppe.
  5636 | D:6      | Found Tihafa's General Store.
  5840 | D:7      | Found Diaxtetz's Gadget Emporium.
  5934 | D:7      | Reached XP level 9. HP: 75/75 MP: 9/9
  6146 | D:7      | Found Kuycsogg's Magic Scroll Emporium.
  6178 | D:7      | Reached skill level 7 in Maces & Flails
  6307 | D:6      | Bought a +1 pair of gloves of archery for 231 gold pieces
  6415 | D:7      | Found Owneipent's Jewellery Boutique.
  6594 | D:7      | Reached * piety under Fedhas
  7092 | D:8      | Reached skill level 8 in Maces & Flails
  7093 | D:8      | Reached skill level 5 in Dodging
  7574 | D:9      | Got a masterwork ring mail
  7601 | D:8      | Identified the cursed +0 ring mail of Lugonu's Displeasure
                  | {+Blink Dex-3 Slay+5 SInv} (You found it on level 9 of the
                  | Dungeon)
  7660 | D:9      | Reached ** piety under Fedhas
  7745 | D:9      | Noticed a white ugly thing
  7746 | D:9      | Noticed a troll
  7748 | D:9      | Noticed a troll
  7750 | D:9      | Noticed a centaur warrior
  7756 | D:9      | Banished a white ugly thing
  7756 | D:9      | Reached XP level 10. HP: 86/86 MP: 10/10
  7764 | D:9      | Killed a centaur warrior
  7764 | D:9      | Reached skill level 9 in Maces & Flails
  7777 | D:9      | Paralysed by a hornet for 3 turns
  7803 | D:9      | Killed from afar by an efreet

Illustrated notes

Levels and vault maps discovered:
D:1:      dpeg_arrival_more_subterranean_lakeside_camping, layout_basic
D:2:      layout_rooms, first_ration, kennysheep_generic_room_16, uniq_jessica
D:3:      layout_loops_ring, uniq_natasha, uniq_crazy_yiuf_cottage, uniq_sigmund
D:4:      layout_gridville, enter_ossuary_4, st_stairs_7
D:5:      layout_rooms, old_standard_altar, serial_shops, shop_statue,
          uniq_blork_the_orc
D:6:      layout_basic, minmay_temple_entry_oklob, serial_shops,
          nicolae_shop_window_shopping, nicolae_shop_crystal, shop
D:7:      layout_loops_corners, serial_shops, shop, shop, kennysheep_mini,
          the_bakery
D:8:      layout_gridville
D:9:      minmay_the_grid_net [minmay_the_grid_garden, minmay_the_grid_rooms,
          minmay_the_grid_x, minmay_the_grid_tree, minmay_the_grid_doors,
          minmay_the_grid_prize_four_corners], layout_loops_ring,
          serial_park_tiny_1, kennysheep_generic_room_14, uniq_erica,
          uniq_maggie
Temple:   compressed_dpeg_circular_temple

Skill      XL: |  1  2  3  4  5  6  7  8  9 10 |
---------------+-------------------------------+-----
Stealth        | 1 2 |  2.0
Maces & Flails | 1 2 3 4 6 8 9 |  9.4
Dodging        | 2 3 4 5 |  5.8
Bows           | 6 7 |  7.0
Fighting       | 3 4 5 7 |  7.7

Action                   |  1- 3 |  4- 6 |  7- 9 | 10-12 || total
-------------------------+-------+-------+-------+-------++-------
Melee: Short sword       |    13 |       |       |       ||    13
       Dagger            |    18 |       |       |       ||    18
       Kick              |     7 |    15 |    92 |     6 ||   120
       Whip              |    22 |    67 |     2 |       ||    91
       Morningstar       |       |     2 |       |       ||     2
       Mace              |       |       |   350 |    17 ||   367
 Fire: Shortbow          |    30 |    85 |       |       ||   115
Throw: Boomerang         |       |       |    39 |     1 ||    40
 Abil: Evoke Blink       |       |       |       |     1 ||     1
Evoke: Wand              |       |       |     4 |     2 ||     6
  Use: Potion            |       |     1 |       |     1 ||     2
       Scroll            |       |       |    12 |     1 ||    13
 Stab: Paralysed         |       |       |     1 |       ||     1
  Eat: Chunk             |     1 |     4 |    12 |       ||    17
Armor: Leather armour    |    38 |    24 |       |       ||    62
       Ring mail         |       |     1 |   117 |     9 ||   127
Dodge: Dodged            |    48 |    37 |   119 |     9 ||   213
